 Dungeon Crawl Stone Soup version 0.26-a0-649-gf8c6c3aab7 (webtiles) character file.

Game seed: 16669944711678434838

81 DogServant the Chiller (level 4, -6/37 HPs)
             Began as a Naga Ice Elementalist on Sept 27, 2020.
             Was an Initiate of Cheibriados.
             Mangled by Sigmund
             ... wielding a +2 vorpal scythe
              (14 damage)
             ... on level 2 of the Dungeon.
             The game lasted 00:04:58 (2420 turns).

DogServant the Chiller (Naga Ice Elementalist)      Turns: 2420, Time: 00:04:58

Health: -6/37      AC:  2    Str: 12    XL:     4   Next: 40%
Magic:  5/7        EV: 10    Int: 17    God:    Cheibriados [......]
Gold:   157        SH:  0    Dex: 12    Spells: 4/8 levels left

rFire    . . .     SeeInvis +   c - -2 spear (curse)
rCold    . . .     Faith    .   (no shield)
rNeg     . . .     Spirit   .   a - +0 robe
rPois    +         Reflect  .   (no helmet)
rElec    .         Harm     .   (no cloak)
rCorr    .         Rampage  .   (no gloves)
MR       .....     Rnd*Tele +   (no barding)
Stlth    +.........             (no amulet)
HPRegen  0.12/turn              f - ring of teleportation (curse)
MPRegen  0.10/turn              (no ring)

@: confused, invisible, very slow
A: large, see invisible, deformed body, poison resistance, slowness 2, spit
poison 1, AC +1
a: Spit Poison, Bend Time, Renounce Religion


You were on level 2 of the Dungeon.
You worshipped Cheibriados.
Cheibriados was noncommittal.
You visited 1 branch of the dungeon, and saw 2 of its levels.

You collected 157 gold pieces.

Inventory:

Hand Weapons
 c - a cursed -2 spear (weapon)
Missiles
 d - 14 poisoned darts (quivered)
Armour
 a - a +0 robe (worn)
 e - a +0 ring mail
Jewellery
 f - a cursed ring of teleportation (left hand)
 h - an uncursed amulet of reflection {unknown}
 l - a cursed ring of positive energy {unknown}
Scrolls
 b - a scroll of enchant weapon
 g - 2 scrolls of teleportation
 k - 2 scrolls of identify {unknown}
 o - a scroll of immolation {unknown}
 p - 2 scrolls of noise {unknown}
Potions
 j - a potion of haste {unknown}
 m - a potion of heal wounds {unknown}
 n - a potion of brilliance {unknown}


   Skills:
 + Level 0.9 Fighting
 + Level 1.7 Polearms
 - Level 1.5 Dodging
 - Level 3.0 Stealth
 - Level 2.5 Spellcasting
 + Level 4.6 Ice Magic
 + Level 0.9 Invocations


You had 4 spell levels left.
You knew the following spells:

 Your Spells              Type           Power        Failure   Level
a - Freeze                Ice            ###.         2%          1
b - Frozen Ramparts       Ice            ###...       9%          3

Your spell library contained the following spells:

 Spells                   Type           Power        Failure   Level
 Ozocubu's Armour         Ice            ###.....     9%          3
 Hailstorm                Conj/Ice       ##......     56%         4
 Summon Ice Beast         Ice/Summ       ##......     56%         4


Dungeon Overview and Level Annotations

Branches:
Dungeon (2/15)

Altars:
Cheibriados

Annotations:
D:2 Sigmund


Innate Abilities, Weirdness & Mutations

You cannot wear boots.
Your serpentine skin is tough. (AC +1)
You have supernaturally acute eyesight. (SInv)
Armour fits poorly on your strangely shaped body.
Your system is resistant to poisons. (rPois)
You cover ground very slowly.
You can spit poison.


Message History

The splash of poison hits Sigmund.
Sigmund is moderately wounded.
The wall freezes Sigmund.
Sigmund barely misses you.
The wall freezes Sigmund.
Sigmund hits you with a +2 vorpal scythe.
You hit Sigmund.
Sigmund is heavily wounded.
The frozen ramparts melt away.
Sigmund gestures at you while chanting.
You are confused.
You miss Sigmund.
Sigmund is heavily wounded.
Sigmund hits you with a +2 vorpal scythe!
* * * LOW HITPOINT WARNING * * *
You bump into the rock wall.
You have got your breath back.
It was a potion of invisibility.
You fade into invisibility!
Sigmund hits you with a +2 vorpal scythe!
You die...

#.#.....##...#.#
#.#..)..##.#.#.#
#.#...>.##.#.#.#
#.########.#.#.#######
#.### ##.#.#........
#...#####......#########
###.....รท..#.#.#........
#..####.#..#.#@#
#.....#.#.##.#@#
####.##.#.#....#.#
.....##.#.######.#
#######.#........# #
#.########## #
#........### #
####.#..###...# #
#.......# ###.# #
#.###...# #.#


You could see Sigmund.

Vanquished Creatures
  Terence (D:2)
  A gnoll (D:1)
  An adder (D:2)
  A worm (D:1)
  3 dart slugs
  A leopard gecko (D:1)
  4 giant cockroaches
  3 goblins
  2 hobgoblins
  3 kobolds (D:1)
  2 bats (D:2)
  4 rats
26 creatures vanquished.

Notes
Turn   | Place    | Note
-------+----------+-------------------------------------------
     0 | D:1      | DogServant the Naga Ice Elementalist began the quest for
                  | the Orb.
     0 | D:1      | Reached XP level 1. HP: 15/15 MP: 3/3
   309 | D:1      | Reached XP level 2. HP: 17/22 MP: 5/5
   735 | D:1      | Reached skill level 1 in Polearms
   735 | D:1      | Reached XP level 3. HP: 14/28 MP: 2/6
  1324 | D:2      | Found a snail-covered altar of Cheibriados.
  1481 | D:2      | Became a worshipper of Cheibriados the Contemplative
  1749 | D:2      | Noticed Terence
  1755 | D:2      | Learned a level 3 spell: Frozen Ramparts
  1763 | D:2      | Killed Terence
  1763 | D:2      | Reached XP level 4. HP: 30/37 MP: 3/7
  2411 | D:2      | Noticed Sigmund
  2420 | D:2      | Mangled by Sigmund

Illustrated notes

Levels and vault maps discovered:
D:1:      wander_arrival_estate, layout_basic
D:2:      layout_basic, kennysheep_slug_shrine, uniq_sigmund, uniq_terence

Skill      XL: |  1  2 |
---------------+-------+-----
Polearms       | 1 |  1.7
Fighting       | |  0.9
Dodging        | |  1.5
Stealth        | |  3.0
Spellcasting   | |  2.5
Ice Magic      | |  4.6
Invocations    | |  0.9

Action                   |  1- 3 |  4- 6 || total
-------------------------+-------+-------++-------
Melee: Spear             |    80 |    27 ||   107
 Cast: Freeze            |    16 |       ||    16
       Frozen Ramparts   |     1 |     2 ||     3
 Abil: Spit Poison       |     1 |     1 ||     2
  Use: Scroll            |     1 |     2 ||     3
       Potion            |       |     1 ||     1
 Stab: Sleeping          |     4 |     2 ||     6
Armor: Robe              |    10 |     6 ||    16
Dodge: Dodged            |    35 |    16 ||    51

Table legend: (Time is in decaauts)
 A = Elapsed time spent in this place.
 B = Non-inter-level travel time spent in this place.
 C = Inter-level travel time spent in this place.
 D = Time resting spent in this place.
 E = Time spent auto-exploring this place.
 F = Levels seen in this place.
 G = Mean time per level.
                   A        B        C        D        E       F      G
               +--------+--------+--------+--------+--------+-----+--------+
         Total |   3100 |   3023 |     77 |    330 |   2291 |   2 | 1550.0 |
       Dungeon |   3100 |   3023 |     77 |    330 |   2291 |   2 | 1550.0 |
               +--------+--------+--------+--------+--------+-----+--------+

Top non-repeatable levels by time:
     D:1: 1853 daAuts
     D:2: 1246 daAuts
